 Dungeon Crawl Stone Soup version 0.31-a0-1300-gb6740aa4e6 (webtiles) character file.

Game seed: 2303043117974637965

277 bmb222 the Cudgeller (level 6, -2/47 HPs)
             Began as a Demonspawn Fighter on Dec 18, 2023.
             Slain by an orc warrior
             ... wielding a +0 heavy flail
              (13 damage)
             ... on level 4 of the Dungeon.
             The game lasted 00:02:12 (2660 turns).

bmb222 the Cudgeller (Demonspawn Fighter)           Turns: 2660, Time: 00:02:13

Health: -2/47      AC: 15    Str: 19    XL:     6   Next: 4%
Magic:  6/6        EV: 11    Int:  8    God:
Gold:   163        SH:  8    Dex: 12    Spells: 5/5 levels left

rFire   + . .        a - +0 flail
rCold   x . .        c - +0 buckler
rNeg    . . .        b - +0 scale mail
rPois   .            (no helmet)
rElec   .            u - +0 cloak
rCorr   .            (no gloves)
SInv    .            v - +2 pair of boots
Will    .....        (no amulet) Stlth
                     k - ring of fire
HPRegen 0.27/turn    (no ring)
MPRegen 0.10/turn

%: no passive effects
@: mighty, studying Polearms
A: hooves 1, repulsion field 1, icemail 1, powered by death 1, condensation
shield
a: no special abilities


You were on level 4 of the Dungeon.
You visited 1 branch of the dungeon, and saw 4 of its levels.

You collected 163 gold pieces.

Inventory:

Hand Weapons
 a - a +0 flail (weapon)
Armour
 b - a +0 scale mail (worn)
 c - a +0 buckler (worn)
 u - a +0 cloak (worn)
 v - a +2 pair of boots (worn)
Jewellery
 k - a ring of fire (left hand)
 r - a ring of positive energy
 x - a ring of wizardry
Scrolls
 e - 6 scrolls of identify {unknown}
 i - a scroll of noise {unknown}
 m - 2 scrolls of teleportation {unknown}
 p - a scroll of blinking {unknown}
 q - a scroll of enchant weapon {unknown}
 s - 2 scrolls of fog {unknown}
 w - a scroll of enchant armour {unknown}
Potions
 d - a potion of might
 f - 2 potions of curing {unknown}
 g - a potion of attraction {unknown}
 h - a potion of enlightenment {unknown}
 j - 3 potions of brilliance {unknown}
 l - 3 potions of haste {unknown}
 n - 2 potions of heal wounds {unknown}
 o - a potion of resistance {unknown}
 t - a potion of lignification {unknown}


   Skills:
 + Level 3.5 Fighting
 + Level 3.7 Maces & Flails
 + Level 3.6 Armour
 + Level 1.8 Dodging
 + Level 0.1 Stealth
 + Level 3.5 Shields


You had 5 spell levels left.
You didn't know any spells.
Your spell library contained the following spells:

 Spells                   Type           Power      Damage    Failure   Level
 Foxfire                  Conj/Fire      0%         2x1d4     85%         1


Dungeon Overview and Level Annotations

Branches:
Dungeon (4/15)
 Temple: D:4-7

Altars:
Sif Muna
Trog

Shops:
D:2 *   D:4 :


Innate Abilities, Weirdness & Mutations

You have large cloven feet.
You are surrounded by a mild repulsion field. (EV +2)
A meltable icy envelope protects you from harm. (AC +4)
You regenerate a little health from kills.
A meltable shield of frost defends you. (SH +4)


Message History

The orc warrior unwields a +0 orcbow.
The orc warrior wields a +0 heavy flail.
The orc warrior hits you with a +0 heavy flail!
An orc warrior is nearby!
An orc warrior is nearby!
You sock the orc warrior!
The orc warrior is moderately wounded.
The orc warrior hits you with a +0 heavy flail!!
You are too injured to fight recklessly!
You are too injured to fight recklessly!
You are too injured to fight recklessly!
Unknown command.
You feel very mighty all of a sudden.
You thump the orc warrior!
The orc warrior is severely wounded.
The orc warrior closely misses you.
You hit the orc warrior.
The orc warrior is almost dead.
The orc warrior hits you with a +0 heavy flail.
* * * LOW HITPOINT WARNING * * *
You barely miss the orc warrior.
The orc warrior is almost dead.
The orc warrior hits you with a +0 heavy flail.
* * * LOW HITPOINT WARNING * * *
You closely miss the orc warrior.
The orc warrior is severely wounded.
You block the orc warrior's attack.
You barely miss the orc warrior.
The orc warrior is severely wounded.
You block the orc warrior's attack.
You hit the orc warrior.
The orc warrior is almost dead.
You barely miss the orc warrior.
The orc warrior is almost dead.
The orc warrior hits you with a +0 heavy flail.
* * * LOW HITPOINT WARNING * * *
You closely miss the orc warrior.
The orc warrior is almost dead.
The orc warrior hits you with a +0 heavy flail!
You die...

..# #.. ..####..
....#.. ##..... ...
#..... .... #....
.>......... #.o.##
<.........#. #.@.##
.........##.
#####...###........# #
#._.##...###.......# #
#...###...# #......# #
##...#∩#...##......###
##...###.).#......##.
##...##._.#.........
##...#####.........
##...###..........


You could see an orc warrior.

Vanquished Creatures
  A hound (D:4)
  A jelly (D:4)
  An orc priest (D:3)
  2 orc wizards (D:4)
  4 gnolls (D:4)
  2 adders
  2 worms
  2 dart slugs
  8 orcs
  8 endoplasms
  4 giant cockroaches
  7 goblins
  6 hobgoblins
  A quokka (D:1)
  4 ball pythons
  6 bats
  4 frilled lizards
  6 kobolds
  3 rats
72 creatures vanquished.

Notes
Turn   | Place    | Note
-------+----------+-------------------------------------------
     0 | D:1      | bmb222 the Demonspawn Fighter began the quest for the Orb.
     0 | D:1      | Reached XP level 1. HP: 18/18 MP: 1/1
   231 | D:1      | Gained mutation: You are surrounded by a mild repulsion
                  | field. (EV +2) [demonic ancestry]
   231 | D:1      | Reached XP level 2. HP: 24/24 MP: 2/2
   601 | D:2      | Found Myip's General Store.
   641 | D:2      | Gained mutation: You regenerate a little health from kills.
                  | [demonic ancestry]
   641 | D:2      | Reached XP level 3. HP: 29/29 MP: 3/3
  1381 | D:3      | Found a faded altar of an unknown god.
  1764 | D:3      | Gained mutation: A meltable shield of frost defends you.
                  | (SH +4) [demonic ancestry]
  1764 | D:3      | Reached XP level 4. HP: 35/35 MP: 4/4
  1957 | D:3      | You fall into a shaft and drop 1 floor!
  2011 | D:4      | Reached skill level 1 in Dodging
  2048 | D:4      | Found Jypnojeu's Tremendous Tomes.
  2087 | D:4      | Gained mutation: A meltable icy envelope protects you from
                  | harm. (AC +4) [demonic ancestry]
  2087 | D:4      | Reached XP level 5. HP: 39/41 MP: 5/5
  2289 | D:4      | Found a glowing drain.
  2516 | D:4      | Gained mutation: You have large cloven feet. [demonic
                  | ancestry]
  2516 | D:4      | Reached XP level 6. HP: 41/47 MP: 6/6
  2635 | D:4      | Found a shimmering blue altar of Sif Muna.
  2642 | D:4      | Got Sif Muna's Lectures on Arson
  2647 | D:4      | Found a bloodstained altar of Trog.
  2647 | D:4      | Noticed an orc warrior
  2660 | D:4      | Slain by an orc warrior

Illustrated notes

Levels and vault maps discovered:
D:1:      dpeg_arrival_round_c, layout_basic
D:2:      layout_loops_cross, basic_altar, serial_shops, shop, corner_web_ring,
          dreamdust_princess_bridge, amethyst_killhole
D:3:      layout_loops_ring, ebering_ecumenical_altar_sacrificial,
          roderic_serpentine_path, wander_ebering_terrifying_dragon_lair
D:4:      nicolae_cairo_tiling_large_dashed, layout_layer_cave,
          nzn_overflow_gifts_of_might_and_magic, mainiacjoe_overflow_alcove_1,
          gup_sewer_entry_glass, nicolae_shop_i_like_big_books

Skill      XL: |  1  2  3  4 |
---------------+-------------+-----
Shields        | 3 |  3.5
Armour         | 3 |  3.6
Maces & Flails | 2 3 |  3.7
Dodging        | 1 |  1.8
Fighting       | |  3.5
Stealth        | |  0.1

Action                     |  1- 3 |  4- 6 || total
---------------------------+-------+-------++-------
  Melee: Flail             |   123 |   110 ||   233
    Use: Potion            |       |     1 ||     1
 Armour: Scale mail        |    65 |    59 ||   124
  Dodge: Dodged            |    63 |    45 ||   108
  Block: Buckler           |    29 |    45 ||    74

Table legend: (Time is in decaauts)
 A = Elapsed time spent in this place.
 B = Non-inter-level travel time spent in this place.
 C = Inter-level travel time spent in this place.
 D = Time resting spent in this place.
 E = Time spent auto-exploring this place.
 F = Levels seen in this place.
 G = Mean time per level.
                   A        B        C        D        E       F      G
               +--------+--------+--------+--------+--------+-----+--------+
         Total |   2729 |   2648 |     81 |     13 |   2078 |   4 |  682.2 |
       Dungeon |   2729 |   2648 |     81 |     13 |   2078 |   4 |  682.2 |
               +--------+--------+--------+--------+--------+-----+--------+

Top non-repeatable levels by time:
     D:2: 744 daAuts
     D:4: 726 daAuts
     D:3: 680 daAuts
     D:1: 578 daAuts
